 Dungeon Crawl Stone Soup version 0.32-a0-391-gce5c0aab1b (webtiles) character file.

Game seed: 261902731508230433

53839 Ceno the Carver (level 14, -5/118 HPs)
             Began as a Coglin Warper on Feb 19, 2024.
             Was an Elder of Yredelemnul.
             Killed from afar by a deep elf pyromancer (34 damage)
             ... with a bolt of fire
             ... on level 12 of the Dungeon.
             The game lasted 00:56:37 (14992 turns).

Ceno the Carver (Coglin Warper)                    Turns: 14992, Time: 00:56:38

Health: -5/118     AC: 19    Str: 13    XL:     14   Next: 70%
Magic:  16/20      EV: 17    Int: 13    God:    Yredelemnul [****..]
Gold:   1178       SH:  0    Dex: 19    Spells: 10/21 levels left

rFire   . . .        H - +1 scimitar (protect) {Frauke}
rCold   . . .        O - +5 scimitar (flame) {Ahhotep}
rNeg    . . .        k - +2 leather armour {rPois}
rPois   +            E - +5 helmet of Gigaiv {rPois Regen+ SInv}
rElec   .            t - scarf of Ryjuelub {repulsion, Dex+2}
rCorr   .            (no gloves)
SInv    +            (no boots)
Will    +....        n - amulet of regeneration
Stlth   +            g - ring of wizardry
HPRegen 1.99/turn    i - ring of poison resistance
MPRegen 0.17/turn

%: repel missiles, wizardry (x1)
@: on fire, under a protective aura, glowing, revving, stiff-legged, very slow
A: off-hand wielding, slow wielding, warmup strikes, warmup strides
a: Renounce Religion, Light the Black Torch, Recall Undead Harvest, Hurl
Torchlight, Bind Soul


You were on level 12 of the Dungeon.
You worshipped Yredelemnul.
Yredelemnul was noncommittal.
You visited 3 branches of the dungeon, and saw 18 of its levels.
You also visited: Sewer.

You collected 1178 gold pieces.

Inventory:

Hand Weapons
 H - a +1 scimitar of protection (weapon) {Frauke}
 I - a +1 long sword of electrocution {Shatamurrim}
 O - a +5 scimitar of flaming (worn) {Ahhotep}
Missiles
 d - 7 darts of dispersal
 e - 135 stones
 s - 55 poisoned darts
 Y - 2 throwing nets
Armour
 k - a +2 leather armour of poison resistance (worn)
 t - the scarf of Ryjuelub (worn) {repulsion, Dex+2}
   (You found it on level 11 of the Dungeon)

   Dex+2:     It affects your dexterity (+2).
 E - the +5 helmet of Gigaiv (worn) {rPois Regen+ SInv}
   (You acquired it on level 11 of the Dungeon)

   rPois:     It protects you from poison SInv: It lets you see invisible.
   Regen+:    It increases your rate of health regeneration.
Jewellery
 g - a ring of wizardry (left grasper)
 i - a ring of poison resistance (right grasper)
 n - an amulet of regeneration (around neck)
 V - a ring of ice
Wands
 B - a wand of flame (15) (quivered)
 G - a wand of paralysis (21)
 P - a wand of digging (5)
 U - a wand of quicksilver (6)
 X - a wand of iceblast (3)
 Z - a wand of mindburst (17)
Scrolls
 c - 3 scrolls of blinking
 f - 4 scrolls of teleportation
 j - 5 scrolls of enchant weapon
 l - a scroll of fog
 u - 2 scrolls of summoning
 y - 2 scrolls of amnesia
 A - 2 scrolls of torment
 D - a scroll of silence
 F - a scroll of poison
 L - a scroll of fear
 M - 3 scrolls of revelation
 Q - a scroll of immolation
Potions
 a - 2 potions of cancellation
 b - 7 potions of haste
 h - 6 potions of magic
 m - 3 potions of curing
 o - 6 potions of heal wounds
 p - 4 potions of mutation
 q - 3 potions of brilliance
 r - 2 potions of resistance
 v - a potion of might
 x - 2 potions of degeneration
 C - 2 potions of attraction
 K - 2 potions of enlightenment
 N - a potion of berserk rage
 S - 2 potions of lignification
Miscellaneous
 w - a sack of spiders
 z - a tin of tremorstones (2/2)
 T - a lightning rod (4/4)


   Skills:
 + Level 13.5 Fighting
 - Level 14.0 Long Blades
 - Level 0.8 Throwing
 + Level 8.7 Armour
 + Level 8.9 Dodging
 - Level 4.0 Spellcasting
 - Level 8.0 Translocations
 - Level 4.0 Air Magic
 + Level 5.6 Evocations


You had 10 spell levels left.
You knew the following spells:

 Your Spells              Type           Power      Damage    Failure   Level
a - Blink                 Tloc           46%        N/A       1%          2
b - Lesser Beckoning      Tloc           46%        N/A       1%          2
c - Teleport Other        Tloc           23%        N/A       1%          3
d - Vhi's Electric Charg  Tloc/Air       36%        N/A       9%          4

Your spell library contained the following spells:

 Spells                   Type           Power      Damage    Failure   Level
 Gell's Gravitas          Tloc           23%        N/A       1%          3
 Manifold Assault         Tloc           23%        N/A       4%          4
 Volatile Blastmotes      Fire/Tloc      26%        2d12      6%          3
 Slow                     Hex            8%         N/A       11%         1
 Iskenderun's Mystic Bla  Conj/Tloc      13%        2d5       19%         4
 Confusing Touch          Hex            2%         N/A       28%         3
 Sigil of Binding         Hex            2%         N/A       28%         3
 Vampiric Draining        Necr           2%         2d6       28%         3
 Fulminant Prism          Conj/Alch      1%         3d5       65%         4
 Leda's Liquefaction      Alch/Erth      1%         N/A       65%         4
 Lee's Rapid Deconstruct  Erth           1%         3d4*      93%         5
 Bombard                  Conj/Erth      1%         9d1       100%        6


Dungeon Overview and Level Annotations

Branches:
Dungeon (12/15)            Temple (1/1) D:5            Lair (5/5) D:9
  Swamp (0/4) Lair:2       Spider (0/4) Lair:2        Slime (0/5) Lair:5
    Orc (0/2) D:12          Sewer (visited)

Altars:
Ashenzari
Cheibriados
Dithmenos
Elyvilon
Fedhas
Gozag
Hepliaklqana
Kikubaaqudgha
Makhleb
Nemelex Xobeh
Okawaru
Qazlal
Ru
Sif Muna
Trog
Uskayaw
Vehumet
Wu Jian
Xom
Yredelemnul
Zin
The Shining One
Jiyva

Shops:
D:6 (

Portals:
Trove: D:10 (give +4 storm dragon scales)

Annotations:
D:7 exclusions: electric eel and 1 more exclusion
Lair:1 exclusion: oklob plant


Innate Abilities, Weirdness & Mutations

You can wield a second weapon in your off-hand.
It takes a long time for you to wield or remove held weapons.
Your first few attacks do less damage.
Your first movements take longer.


Message History

You shake off some of the fire as you move.
You slash the deep elf pyromancer with your +1 scimitar of protection!
The deep elf pyromancer is lightly wounded.
You completely miss the deep elf pyromancer with your +5 scimitar of flaming.
The liquid fire burns you! The deep elf pyromancer misses you.
The electric eel shoots out a bolt of lightning at you!
The bolt of electricity hits you.
Some rock shatters into small pieces.
You are too injured to fight recklessly!
You slash the deep elf pyromancer with your +5 scimitar of flaming!
You burn the deep elf pyromancer.
The deep elf pyromancer is heavily wounded.
You hit the deep elf pyromancer but do no damage.
The liquid fire burns you!
The deep elf pyromancer points at you and mumbles some strange words.
The pyre arrow hits you.
You are even more covered in intense liquid fire!
Jorgrun gestures next to your human zombie while chanting.
Some rock shatters into small pieces.
Aiming: Throw Flame
Press: ? - help, Q - select action, (/) - cycle Shift-Dir - straight line, f - electric eel, p - deep elf pyromancer
Aim: an electric eel (water, almost dead, ally target, umbra, 57% to hit)
The puff of flame hits the electric eel.
You kill the electric eel!
Their soul becomes fuel for the torch.
The liquid fire burns you!
* * * LOW HITPOINT WARNING * * *
The deep elf pyromancer hits you but does no damage.
Unknown command.
You hit the deep elf pyromancer but do no damage.
The deep elf pyromancer is heavily wounded.
You hit the deep elf pyromancer with your +1 scimitar of protection.
The liquid fire burns you!
* * * LOW HITPOINT WARNING * * *
Your spectral white imp hits the deep elf pyromancer but does no damage.
Your slime creature zombie closely misses the deep elf pyromancer.
The deep elf pyromancer casts a spell at you.
The bolt of fire hits you!!
You die...
Your body rises from the dead as a mindless zombie.

...........Z.#
#.#...###....#
#.##....#....#
#.#
.##.#.....####
.#
##.....Z.Z[.##
##..##.ZZ...#
#.....Z..Z.#
#...≈Z...Z.##
#.~.~~~~Z@..#
#..~~~~≈Ze...#
.~~~~§...#.#
.~≈~§~...# .#
.~~~~....# #
.~~.~...!#
.........#
.#########


You could see a deep elf pyromancer (ally target), a friendly spectral white
imp, the friendly Jorgrun the bound dwarf, a friendly acid dragon zombie, 2
friendly slime creature zombies, a friendly ice beast zombie, a friendly orc
zombie, a friendly orc wizard zombie, a friendly cyclops zombie and a friendly
human zombie.

Vanquished Creatures
  Josephine (Lair:3)
  A rakshasa (D:11)
  An ogre mage (D:10)
  A hydra (Lair:2)
  2 boulder beetles
  3 two-headed ogres
  A catoblepas (Lair:3)
  A lindwurm (Lair:5)
  A wolf spider (D:11)
  2 cyclopes
  4 elephants
  4 black mambas
  A rime drake (Lair:3)
  17 cane toads
  A kobold demonologist (D:11)
  An efreet (D:10)
  16 komodo dragons
  A yaktaur (D:10)
  3 trolls
  2 hornets
  A tyrant leech (Lair:5)
  A polar bear (Lair:1)
  A raiju (shapeshifter) (D:10)
  16 blink frogs
  Sigmund (D:3)
  A culicivora (Lair:2)
  A centaur simulacrum (D:12)
  A vampire (D:10)
  23 yaks
  2 wyverns
  2 wraiths (Lair:3)
  A vampire mosquito (Lair:5)
  A warg (D:12)
  3 steam dragons
  An acid dragon (D:12)
  18 water moccasins
  2 orc warriors (D:12)
  2 ice beasts
  3 black bears
  10 wolves
  6 centaurs
  6 kobold brigands
  6 bullfrogs
  4 scorpions (D:6)
  8 wights (D:8)
  4 howler monkeys
  5 electric eels
  3 bombardier beetles
  2 jellies (Lair:5)
  3 hounds
  A gnoll bouda (D:10)
  3 orc priests
  8 orc wizards
  2 iguanas (D:6)
  7 gnolls
  15 adders
  4 white imps
  2 dart slugs
  2 ribbon worms
  22 orcs
  6 ball pythons
  9 endoplasms
  4 giant cockroaches
  3 goblins
  11 hobgoblins
  2 jackals (D:2)
  30 kobolds
  A quokka (D:1)
  11 bats
  4 frilled lizards
  9 rats
358 creatures vanquished.

Vanquished Creatures (collateral kills)
  3 hydras
  A catoblepas (Lair:4)
  A two-headed ogre (D:10)
  A skyshark (Lair:5)
  A deep elf pyromancer (D:12)
  A cyclops (D:12)
  3 elephants
  5 cane toads
  2 black mambas (Lair:5)
  A kobold demonologist (D:11)
  A komodo dragon (Lair:5)
  2 rime drakes
  A polar bear (Lair:5)
  A tyrant leech (Lair:5)
  11 blink frogs
  3 culicivoras (Lair:2)
  6 slime creatures (D:12)
  2 wraiths
  A human (D:12)
  7 yaks
  A wyvern (D:9)
  4 vampire mosquitoes (Lair:5)
  3 basilisks
  A water moccasin (Lair:5)
  A meliai simulacrum (D:12)
  2 ice beasts
  6 wolves
  A centaur (D:7)
  A phantom (D:6)
  5 bullfrogs
  2 kobold brigands
  A gnoll sergeant (D:9)
  A scorpion (D:5)
  A bombardier beetle (D:7)
  2 electric eels
  2 hounds
  4 orc priests
  A jelly (Lair:5)
  A sleepcap (D:5)
  3 orc wizards
  5 gnolls
  5 adders
  2 white imps
  15 orcs
  7 kobolds
  4 butterflies (Lair:1)
135 creatures vanquished.

Vanquished Creatures (others)
  2 spectral hydras
  A spectral skyshark (Lair:5)
  A catoblepas zombie (Lair:3)
  A boulder beetle zombie (Lair:2)
  A culicivora zombie (Lair:2)
  2 black mamba zombies (Lair:5)
  A slime creature zombie (D:12)
  6 cane toad zombies
  An elephant zombie (Lair:2)
  10 blink frog zombies
  A rime drake zombie (Lair:2)
  A wyvern zombie (Lair:5)
  4 komodo dragon zombies
  4 water moccasin zombies
  7 yak zombies
  2 wolf zombies (Lair:3)
  2 centaur zombies
  2 bullfrog zombies
  A black bear zombie (D:8)
  An ice beast zombie (D:8)
  2 steam dragon zombies (D:8)
  8 orc zombies
  3 adder zombies (Lair:3)
  A bat zombie (D:3)
  A gnoll zombie (D:9)
  2 kobold zombies (D:11)
68 creatures vanquished.

Grand Total: 561 creatures vanquished

Notes
Turn   | Place    | Note
-------+----------+-------------------------------------------
     0 | D:1      | Ceno the Coglin Warper began the quest for the Orb.
     0 | D:1      | Reached XP level 1. HP: 16/16 MP: 3/3
   148 | D:1      | Reached XP level 2. HP: 22/22 MP: 4/4
   157 | D:1      | Learned a level 2 spell: Blink
   160 | D:1      | Learned a level 2 spell: Lesser Beckoning
   383 | D:1      | Reached XP level 3. HP: 28/28 MP: 5/5
   649 | D:1      | Reached skill level 3 in Long Blades
  1076 | D:2      | Reached XP level 4. HP: 34/34 MP: 6/6
  1454 | D:2      | Reached XP level 5. HP: 27/41 MP: 4/7
  1575 | D:2      | Reached skill level 4 in Long Blades
  1945 | D:3      | Noticed Sigmund
  2548 | D:5      | Entered Level 5 of the Dungeon
  2625 | D:5      | Learned a level 3 spell: Teleport Other
  2637 | D:5      | Noticed an ogre
  2677 | D:5      | Found a glowing drain.
  2686 | D:5      | Reached XP level 6. HP: 47/47 MP: 5/8
  2696 | Sewer    | Entered a sewer
  2827 | Sewer    | Reached skill level 5 in Long Blades
  2926 | Sewer    | Reached XP level 7. HP: 39/54 MP: 9/9
  3202 | D:5      | Found a staircase to the Ecumenical Temple.
  3212 | Temple   | Entered the Ecumenical Temple
  3220 | Temple   | Became a worshipper of Yredelemnul the Fallen
  3345 | D:5      | Reached skill level 6 in Long Blades
  3370 | D:5      | Reached skill level 5 in Translocations
  3611 | D:5      | Reached XP level 8. HP: 61/61 MP: 7/10
  3824 | D:3      | Found an iron altar of Okawaru.
  3844 | D:3      | Killed Sigmund
  3845 | D:3      | Reached skill level 5 in Fighting
  3905 | D:3      | Reached skill level 7 in Long Blades
  4335 | D:6      | Found Vaock's Weapon Boutique.
  4398 | D:6      | Found a glowing silver altar of Zin.
  4710 | D:6      | Reached * piety under Yredelemnul
  5093 | D:6      | Reached skill level 8 in Long Blades
  5093 | D:6      | Reached XP level 9. HP: 46/69 MP: 11/11
  5217 | D:7      | Reached skill level 1 in Air Magic
  6445 | D:8      | Found an ornate altar of the Wu Jian Council.
  6445 | D:8      | Found an ancient bone altar of Kikubaaqudgha.
  6471 | D:8      | Reached skill level 9 in Long Blades
  6592 | D:8      | Reached ** piety under Yredelemnul
  6606 | D:8      | Reached XP level 10. HP: 79/79 MP: 9/12
  7177 | D:9      | Noticed a two-headed ogre
  7519 | D:9      | Found a staircase to the Lair.
  7530 | D:9      | Killed a two-headed ogre
  7543 | D:9      | Reached skill level 10 in Long Blades
  7667 | D:10     | Entered Level 10 of the Dungeon
  7705 | D:10     | Learned a level 4 spell: Vhi's Electric Charge
  7732 | D:10     | Identified the +5 rapier of Cietity {freeze, rF+ rCorr
                  | Str-3}
  7733 | D:10     | Noticed a two-headed ogre
  7738 | D:10     | Killed a two-headed ogre
  8001 | D:10     | Found a portal to a secret trove of treasure.
  8140 | D:10     | Reached XP level 11. HP: 44/87 MP: 16/16
  8207 | D:10     | Identified the +5 giant spiked club of Eternal Harmony
                  | {spect, rElec Will- MP+9 Int+2 Dex+5}
  8278 | D:10     | Found an opulent altar of Gozag.
  8284 | D:10     | Found a shimmering blue altar of Sif Muna.
  8305 | D:10     | Noticed a cyclops
  8312 | D:10     | Killed a cyclops
  8438 | D:10     | Reached *** piety under Yredelemnul
  8448 | D:10     | Noticed an ogre mage
  8454 | D:10     | Killed an ogre mage
  8455 | D:10     | Reached skill level 11 in Long Blades
  8821 | Lair:1   | Entered Level 1 of the Lair of Beasts
  8873 | Lair:1   | Reached skill level 10 in Fighting
  8877 | Lair:1   | Reached skill level 1 in Armour
  9011 | Lair:1   | Noticed an oklob plant
  9606 | Lair:2   | Noticed an eight-headed hydra
  9613 | Lair:2   | Killed an eight-headed hydra
  9655 | Lair:2   | Found a staircase to the Swamp.
  9658 | Lair:2   | Reached XP level 12. HP: 95/98 MP: 10/18
  9662 | Lair:2   | Reached skill level 12 in Long Blades
  9810 | Lair:2   | Noticed a four-headed hydra
  9814 | Lair:2   | Killed a four-headed hydra
  9939 | Lair:2   | Noticed a boulder beetle
  9955 | Lair:2   | Killed a boulder beetle
 10014 | Lair:2   | Noticed a six-headed hydra
 10055 | Lair:2   | Killed a six-headed hydra
 10248 | Lair:2   | Found a hole to the Spider Nest.
 10673 | Lair:3   | Noticed a catoblepas
 10696 | Lair:3   | Killed a catoblepas
 10743 | Lair:3   | Found an opulent altar of Gozag.
 10780 | Lair:3   | Found a dark tunnel.
 10817 | Lair:3   | Reached skill level 5 in Dodging
 10957 | Lair:3   | Reached skill level 5 in Armour
 10974 | Lair:3   | Reached **** piety under Yredelemnul
 11013 | Lair:3   | Reached XP level 13. HP: 95/107 MP: 19/19
 11027 | Lair:3   | Reached skill level 13 in Long Blades
 11058 | Lair:3   | Noticed Josephine
 11084 | Lair:3   | Killed Josephine
 12665 | Lair:5   | Entered Level 5 of the Lair of Beasts
 12864 | Lair:5   | Reached XP level 14. HP: 83/116 MP: 15/20
 12873 | Lair:5   | Reached skill level 14 in Long Blades
 12878 | Lair:5   | Reached skill level 1 in Evocations
 13132 | Lair:5   | Found a viscous altar of Jiyva.
 13295 | Lair:5   | Found a staircase to the Slime Pits.
 13975 | D:11     | Identified a scroll of acquirement
 13976 | D:11     | Acquired the +5 helmet of Gigaiv {rPois Regen+ SInv}
 14000 | D:11     | Upgraded the game from 0.32-a0-361-g289a535e89 to
                  | 0.32-a0-391-gce5c0aab1b
 14033 | D:11     | Identified the +2 trident "Tuimuj" {flame, Int+5 Dex-2}
 14467 | D:11     | Identified the scarf of Ryjuelub {repulsion, Dex+2}
 14718 | D:12     | Reached skill level 5 in Evocations
 14800 | D:12     | Reached ***** piety under Yredelemnul
 14804 | D:12     | Found a staircase to the Orcish Mines.
 14815 | D:12     | Noticed Jorgrun
 14825 | D:12     | Killed Jorgrun
 14825 | D:12     | Bound Jorgrun
 14992 | D:12     | Killed from afar by a deep elf pyromancer

Illustrated notes

Levels and vault maps discovered:
D:1:      scummos_arrival_simple_fountains, layout_basic
D:2:      cheibrodos_pilgrimage, layout_loops_cross
D:3:      layout_basic, okawaru_ov_weapons_minmay, serial_aquarium,
          aquarium_bridge_square [aquarium_subvault_bridge,
          aquarium_subvault_bridge, aquarium_subvault_window,
          aquarium_subvault_bridge], aquarium_bridge_straight
          [aquarium_subvault_bridge, aquarium_subvault_wall,
          aquarium_subvault_bridge, aquarium_subvault_balcony],
          aquarium_window_corner, aquarium_window_corridor_3, aquarium_window_1,
          aquarium_window_fake, aquarium_view_2a, aquarium_view_2c, uniq_sigmund
D:4:      layout_rooms, eino_tiny_chamber, kennysheep_potato
D:5:      layout_basic, minmay_temple_entry_waves, portal_sewer_entry_b,
          minmay_checkerbox
D:6:      layout_basic, mainiacjoe_overflow_concentric_impassable, serial_shops,
          nicolae_shop_tiny_statue_garden
D:7:      layout_loops_ring, serial_bayou, serial_bayou_pond_c,
          serial_bayou_lagoon_a, serial_bayou_pond_a, serial_bayou_pond_a
D:8:      layout_cave_pods, jmf_multi_god_temple
D:9:      layout_loops_ring, david_lair_generic
D:10:     layout_loops_ring, minitemple, enter_trove_1, kb_rosetta
D:11:     layout_long_grid
D:12:     layout_rooms, erik_orc_4, serial_ice, serial_ice_f, serial_ice_o,
          serial_ice_l, serial_ice_d, portal_ice_cave_entry_pillars_1,
          uniq_jorgrun
Temple:   nicolae_temple_x_marks_the_god
Lair:1:   layout_roguey, lemuel_fruit_fields
Lair:2:   layout_roguey, swamp_mist_pool, hellmonk_spider_entry_life_and_decay
Lair:3:   minmay_lair_venomous_thicket, layout_loops_ring, basic_altar,
          nicolae_volcano_entry_two_sided, beast_lair_carwin_1, uniq_josephine
Lair:4:   layout_cave_pods, serial_bayou_shore_a
Lair:5:   minmay_lair_end_frog_pond, layout_small_grid,
          nicolae_slime_entry_field_trip, serial_bayou_ford_a

Skill      XL: |  1  2  3  4  5  6  7  8  9 10 11 12 13 14 |
---------------+-------------------------------------------+-----
Long Blades    | 3 4 5 6 8 9 10 11 12 13 14 | 14.0
Fighting       | 3 4 5 7 8 10 11 12 13 | 13.5
Translocations | 4 5 6 7 8 |  8.0
Air Magic      | 3 4 |  4.0
Spellcasting   | 3 4 |  4.0
Armour         | 3 5 7 8 |  8.7
Dodging        | 3 5 7 8 |  8.9
Evocations     | 5 |  5.6
Throwing       | |  0.8

Action                     |  1- 3 |  4- 6 |  7- 9 | 10-12 | 13-15 || total
---------------------------+-------+-------+-------+-------+-------++-------
  Melee: Falchion          |    52 |   238 |   398 |       |       ||   688
         Short sword       |    40 |    20 |       |       |       ||    60
         Scimitar          |       |       |    24 |   441 |   566 ||  1031
         Long sword        |       |       |    23 |    63 |       ||    86
  Throw: Stone             |       |     4 |     2 |       |     3 ||     9
         Dart              |       |       |       |    12 |     1 ||    13
   Cast: Lesser Beckoning  |     1 |     9 |     9 |     9 |     3 ||    31
         Vhi's Electric Ch |       |       |       |    19 |    24 ||    43
         Teleport Other    |       |       |       |     1 |       ||     1
         Blink             |       |       |       |     1 |     1 ||     2
 Invoke: Light the Black T |       |       |     5 |     5 |     4 ||    14
         Hurl Torchlight   |       |       |       |     3 |     3 ||     6
         Bind Soul         |       |       |       |       |     4 ||     4
  Evoke: Wand              |       |       |     3 |       |     6 ||     9
         Tin of tremorston |       |       |       |     2 |       ||     2
    Use: Scroll            |       |     6 |     5 |     9 |    14 ||    34
         Potion            |       |       |       |       |     1 ||     1
   Stab: Distracted        |       |       |     2 |       |     3 ||     5
         Sleeping          |       |       |     1 |     1 |       ||     2
 Armour: Leather armour    |    13 |    88 |   154 |   160 |   165 ||   580
  Dodge: Dodged            |    25 |    84 |   135 |   150 |   189 ||   583
         Repelled          |       |       |       |       |     4 ||     4

Table legend: (Time is in decaauts)
 A = Elapsed time spent in this place.
 B = Non-inter-level travel time spent in this place.
 C = Inter-level travel time spent in this place.
 D = Time resting spent in this place.
 E = Time spent auto-exploring this place.
 F = Levels seen in this place.
 G = Mean time per level.
                   A        B        C        D        E       F      G
               +--------+--------+--------+--------+--------+-----+--------+
         Total |  15546 |  14918 |    628 |    921 |   9730 |  19 |  818.2 |
       Dungeon |   9970 |   9499 |    471 |    543 |   6164 |  12 |  830.8 |
        Temple |     17 |      9 |      8 |      0 |      0 |   1 |   17.0 |
          Lair |   5214 |   5065 |    149 |    342 |   3478 |   5 | 1042.8 |
         Sewer |    344 |    344 |      0 |     36 |     86 |   1 |  344.0 |
               +--------+--------+--------+--------+--------+-----+--------+

Top non-repeatable levels by time:
  Lair:5: 1201 daAuts
    D:10: 1183 daAuts
  Lair:2: 1116 daAuts
     D:2: 1093 daAuts
  Lair:4: 1066 daAuts
     D:8: 1001 daAuts
  Lair:3: 995 daAuts
     D:1: 967 daAuts
     D:5: 888 daAuts
     D:7: 874 daAuts
     D:9: 836 daAuts
  Lair:1: 834 daAuts
     D:6: 813 daAuts
    D:11: 763 daAuts
     D:4: 652 daAuts
